 Dungeon Crawl Stone Soup version 0.31-a0-361-g0f8bd3a31e (webtiles) character file.

Game seed: 4794380546193475175

9 BritishOli the Trooper (level 2, 19/24 HPs)
             Began as a Demonspawn Fighter on July 27, 2023.
             Got out of the dungeon alive.
             The game lasted 00:00:16 (170 turns).

BritishOli the Trooper (Demonspawn Fighter)          Turns: 170, Time: 00:00:16

Health: 19/24      AC:  6    Str: 16    XL:     2   Next: 3%
Magic:  2/2        EV:  8    Int:  9    God:
Gold:   14         SH:  4    Dex: 12    Spells: 1/1 levels left

rFire   . . .        a - +0 war axe
rCold   . . .        c - +0 buckler
rNeg    . . .        b - +0 scale mail
rPois   .            (no helmet)
rElec   .            (no cloak)
rCorr   .            (no gloves)
SInv    .            (no boots)
Will    .....        (no amulet) Stlth
                     (no ring)
HPRegen 0.24/turn    (no ring)
MPRegen 0.08/turn

%: no passive effects
@: no status effects
A: demonic magic 1
a: no special abilities


You escaped.
You visited 1 branch of the dungeon, and saw 1 of its levels.

You collected 14 gold pieces.

Inventory:

Hand Weapons
 a - a +0 war axe (weapon)
Armour
 b - a +0 scale mail (worn)
 c - a +0 buckler (worn)
Scrolls
 e - a scroll of vulnerability {unknown}
Potions
 d - a potion of might
 f - 2 potions of curing {unknown}


   Skills:
 + Level 3.1 Fighting
 + Level 2.0 Axes
 + Level 2.8 Armour
 + Level 2.8 Shields


You had one spell level left.
You didn't know any spells.
Your spell library was empty.

Dungeon Overview and Level Annotations

Branches:
Dungeon (1/15)

Altars:


Innate Abilities, Weirdness & Mutations

Spells you cast may paralyse adjacent enemies.


Message History

The goblin is severely wounded.
You closely miss the hobgoblin. The goblin hits you but does no damage.
The hobgoblin hits you but does no damage.
The hobgoblin barely misses you. The goblin closely misses you.
There are monsters nearby!
You barely miss the goblin.
The goblin is severely wounded.
You slash the hobgoblin!
You kill the hobgoblin!
The goblin hits you but does no damage.
There are monsters nearby!
You hit the goblin but do no damage.
The goblin is severely wounded.
You hit the kobold.
You kill the kobold!
The goblin hits you but does no damage. The ball python closely misses you.
The ball python grabs you. The ball python constricts you.
The goblin hits you with a +0 club.
You completely miss the ball python. You barely miss the goblin.
The ball python barely misses you. The ball python constricts you.
The goblin hits you with a +0 club.
You closely miss the ball python. You closely miss the goblin.
The ball python barely misses you. The ball python constricts you.
The goblin hits you but does no damage. The ball python bites you.
The ball python constricts you. You block the goblin's attack.
There are monsters nearby!
You hit the ball python.
You kill the ball python!
You slash the goblin!
You kill the goblin!
Your Axes skill increases to level 2!
You have reached level 2!
Your demonic ancestry asserts itself...
A menacing aura infuses your magic.
You now have 14 gold pieces.
You open the door.
There is an open door here.
There is a staircase leading out of the dungeon here.
Are you sure you want to leave the Dungeon?
This will make you lose the game!
You have escaped!

#.##....####.#...##
###..#..............♣♣♣♣♣♣.
####....#[....................
...........#########..#♣♣♣♣♣♣.
.#.#.#..#.###########.#
.#.#.#..#.##8.8#..8##.#
...#.#..#.##..)#....'.#
.....#..#.##8..#..♣##.#
...######.#8_.>#@...+.#
..........##8..#..♣##.#
...#########...#....'.## ...#
##8.8#..8##..# ...#
###########..# ...#
#########...# #### #...# #[..#
#.###


There were no monsters in sight!

Vanquished Creatures
  2 goblins (D:1)
  2 hobgoblins (D:1)
  A quokka (D:1)
  A ball python (D:1)
  2 kobolds (D:1)
8 creatures vanquished.

Notes
Turn   | Place    | Note
-------+----------+-------------------------------------------
     0 | D:1      | BritishOli the Demonspawn Fighter began the quest for the
                  | Orb.
     0 | D:1      | Reached XP level 1. HP: 18/18 MP: 1/1
   150 | D:1      | Gained mutation: Spells you cast may paralyse adjacent
                  | enemies. [demonic ancestry]
   150 | D:1      | Reached XP level 2. HP: 14/24 MP: 2/2
   170 | D:$      | Got out of the dungeon alive.

Illustrated notes

Levels and vault maps discovered:
D:1:      spicycebolla_arrival_ecumenical, layout_basic, serial_forest,
          infiniplex_forest_straight_2, infiniplex_forest_lined_room_3,
          infiniplex_forest_clump_medium, infiniplex_forest_clump_medium,
          infiniplex_forest_straight_5, infiniplex_forest_clump_curved,
          serial_shops, shop_coins

Skill      XL: |  1 |
---------------+----+-----
Axes           | 2 |  2.0
Fighting       | |  3.1
Armour         | |  2.8
Shields        | |  2.8

Action                     || total
---------------------------++-------
  Melee: War axe           ||    26
 Armour: Scale mail        ||    18
  Dodge: Dodged            ||    15
  Block: Buckler           ||     3

Table legend: (Time is in decaauts)
 A = Elapsed time spent in this place.
 B = Non-inter-level travel time spent in this place.
 C = Inter-level travel time spent in this place.
 D = Time resting spent in this place.
 E = Time spent auto-exploring this place.
 F = Levels seen in this place.
 G = Mean time per level.
                   A        B        C        D        E       F      G
               +--------+--------+--------+--------+--------+-----+--------+
         Total |    181 |    162 |     19 |      0 |    104 |   1 |  181.0 |
       Dungeon |    181 |    162 |     19 |      0 |    104 |   1 |  181.0 |
               +--------+--------+--------+--------+--------+-----+--------+

Top non-repeatable levels by time:
     D:1: 181 daAuts
